 Dungeon Crawl Stone Soup version 0.23-a0-181-g24f899a (webtiles) character file.

116 KristoblXynda the Chopper (level 4, 0/38 HPs)
             Began as a Draconian Fighter on Sept 16, 2018.
             Was an Initiate of Ashenzari.
             Slain by a river rat (3 damage)
             ... in a sewer on Sept 19, 2018.
             The game lasted 00:04:17 (2078 turns).

KristoblXynda the Chopper (Draconian Fighter)       Turns: 2078, Time: 00:04:18

Health: 0/38       AC:  5    Str: 18    XL:     4   Next: 70%
Magic:  4/4        EV: 11    Int:  9    God:    Ashenzari [......]
Gold:   87         SH:  9    Dex: 11    Spells: 3/3 levels left

rFire    . . .     SeeInvis .   a - +0 war axe
rCold    . . .     Gourm    .   b - +0 shield
rNeg     . . .     Faith    .   (armour unavailable)
rPois    .         Spirit   .   (helmet restricted)
rElec    .         Reflect  .   (no cloak)
rCorr    .         Harm     .   (no gloves)
MR       .....                  (no boots)
Stlth    +.........             (no amulet)
HPRegen  0.12/turn              (no ring)
MPRegen  0.09/turn              (no ring)

@: flying
A: unfitting armour, cold-blooded, AC +5
a: Curse Item, Renounce Religion


You were in a sewer.
You worshipped Ashenzari.
Ashenzari was noncommittal.
You were not hungry.

You visited 1 branch of the dungeon, and saw 3 of its levels.
You also visited: Sewer.

You collected 87 gold pieces.

Inventory:

Hand Weapons
 a - a +0 war axe (weapon)
Armour
 b - a +0 shield (worn)
Scrolls
 g - 2 scrolls of identify {unknown}
 h - a scroll of enchant armour {unknown}
 j - a scroll of remove curse
 n - a scroll of immolation {unknown}
Potions
 c - 2 potions of might
 e - 2 potions of flight
 f - a potion of haste {unknown}
 i - a potion of degeneration {unknown}
 k - a potion of curing {unknown}
 m - a potion of lignification {unknown}
Comestibles
 d - 3 rations
 l - a chunk of flesh


   Skills:
 - Level 3.2 Fighting
 * Level 3.8 Axes
 + Level 3.3 Dodging
 + Level 3.7 Shields


You had 3 spell levels left.
You didn't know any spells.
Your spell library was empty.

Dungeon Overview and Level Annotations

Branches:
Dungeon (3/15)

Altars:
Ashenzari
Trog
Xom
Yredelemnul


Innate Abilities, Weirdness & Mutations

Your plain brown scales are hard. (AC +5)
You cannot fit into any form of body armour.
You are cold-blooded and may be slowed by cold attacks.


Message History

The river rat bites you.
You hit the river rat.
You kill the river rat!
You closely miss the river rat. The river rat bites you.
* * * LOW HITPOINT WARNING * * *
The river rat bites you.
* * * LOW HITPOINT WARNING * * *
You closely miss the rat. You barely miss the river rat.
You block the rat's attack. The river rat bites you.
* * * LOW HITPOINT WARNING * * *
You block the rat's attack.
You hit the rat.
The rat is heavily wounded.
You hit the river rat. The river rat closely misses you. The rat bites you.
* * * LOW HITPOINT WARNING * * *
Unknown command.
It was a potion of flight.
You feel very buoyant.
You fly up into the air.
The river rat bites you.
You die... ################ ≈≈...rr@r.∩....# ################

You could see a river rat and 2 rats.

Vanquished Creatures
  2 adders (D:2)
  3 river rats
  4 worms
  3 dart slugs
  A leopard gecko (D:2)
  2 giant cockroaches
  9 goblins
  6 hobgoblins
  A quokka (D:2)
  2 ball pythons (D:3)
  4 bats
  2 frilled lizards
  7 kobolds
  11 rats
57 creatures vanquished.

Notes
Turn   | Place    | Note
-------+----------+-------------------------------------------
     0 | D:1      | KristoblXynda the Draconian Fighter began the quest for the
                  | Orb.
     0 | D:1      | Reached XP level 1. HP: 19/19 MP: 1/1
    89 | D:1      | Reached XP level 2. HP: 24/26 MP: 2/2
   507 | D:1      | Upgraded the game from 0.23-a0-175-g97aacdb to
                  | 0.23-a0-180-ga5275e7
   507 | D:1      | Upgraded the game from 0.23-a0-180-ga5275e7 to
                  | 0.23-a0-181-g24f899a
   966 | D:1      | Reached XP level 3. HP: 27/31 MP: 3/3
  1135 | D:2      | Found a shattered altar of Ashenzari.
  1297 | D:2      | Became a worshipper of Ashenzari the Shackled
  1521 | D:2      | Found a basalt altar of Yredelemnul.
  1545 | D:2      | Reached XP level 4. HP: 38/38 MP: 4/4
  1586 | D:2      | Noticed a moth of wrath
  1589 | D:2      | Found a bloodstained altar of Trog.
  1911 | D:2      | Found a shimmering altar of Xom.
  2014 | D:3      | Found a glowing drain.
  2067 | Sewer    | Entered a sewer
  2078 | Sewer    | Slain by a river rat

Vault maps used:
D:1:      saegor_arrival_simple_b
D:2:      lemuel_doored_altar, nicolae_overflow_hidden_temple,
          ashenzari_conservatory_becter, tgw_trog
D:3:      portal_sewer_entry_e, first_ration, cheibrodos_gnoll_hut
Sewer:    sewer_kobolds

Skill      XL: |  1  2  3 |
---------------+----------+-----
Dodging        | 3 |  3.3
Axes           | 3 |  3.8
Fighting       | |  3.2
Shields        | |  3.7

Action                   |  1- 3 |  4- 6 || total
-------------------------+-------+-------++-------
Melee: War axe           |   129 |    53 ||   182
       Tailslap          |     9 |     5 ||    14
  Use: Potion            |       |     1 ||     1
 Stab: Sleeping          |     1 |       ||     1
  Eat: Chunk             |     2 |     2 ||     4
Armor: Skin              |    42 |     8 ||    50
Dodge: Dodged            |    59 |    18 ||    77
Block: Shield            |    75 |    23 ||    98

Table legend:
 A = Non-vault XP
 B = Vault XP
 C = Vault XP percentage of total XP
 D = Non-vault monster count
 E = Vault monster count
 F = Vault count percentage of total count
                 A         B        C        D         E       F
            +---------+---------+-------+---------+---------+-------
      Total |      98 |      69 |  41.3 |      42 |      15 |  26.3
            +---------+---------+-------+---------+---------+-------
        D:1 |      42 |       0 |   0.0 |      24 |       0 |   0.0
        D:2 |      56 |      18 |  24.3 |      18 |       5 |  21.7
        D:3 |       0 |      37 | 100.0 |       0 |       8 | 100.0
      Sewer |       0 |      14 | 100.0 |       0 |       2 | 100.0
            +---------+---------+-------+---------+---------+-------
